 Dungeon Crawl Stone Soup version 0.19-a0-262-g5df7875 (webtiles) character file.

31 epen the Firebug (level 3, -14/26 HPs)
             Began as a Demonspawn Fire Elementalist on May 25, 2016.
             Killed from afar by a hobgoblin (40 damage)
             ... with an exploding inner flame
             ... hexed by the player character
             ... on level 2 of the Dungeon.
             The game lasted 00:03:08 (1552 turns).

epen the Firebug (Demonspawn Fire Elementalist)     Turns: 1552, Time: 00:03:12

Health: -14/26     AC:  2    Str:  8    XL:     3   Next: 7%
Magic:  3/6        EV: 12    Int: 17    God:
Gold:   52         SH:  0    Dex: 13    Spells: 3 memorised, 0 levels left

rFire  . . .     SeeInvis .     (no weapon)
rCold  . . .     Gourm    .     a - +0 robe
rNeg   . . .     Faith    .     (no shield)
rPois  .         Spirit   .     (no helmet)
rElec  .         Dismiss  .     (no cloak)
rCorr  .         Reflect  .     (no gloves)
SustAt .         Harm     .     (no boots)
MR     .....                    (no amulet)
Stlth  ++........               (no ring)
                                (no ring)

@: not resistant to hostile enchantments, unstealthy
A: hooves 1
a: no special abilities


You were on level 2 of the Dungeon.
You were hungry.

You visited 1 branch of the dungeon, and saw 2 of its levels.

You collected 52 gold pieces.

Inventory:

Armour
 a - a +0 robe (worn)
Scrolls
 d - a scroll of enchant weapon {unknown}
 g - a scroll of magic mapping {unknown}
 i - 2 scrolls of remove curse {unknown}
Potions
 e - a potion of ambrosia {unknown}
 h - a potion of cure mutation {unknown}
 j - a potion of berserk rage {unknown}
 k - a potion of lignification {unknown}
Books
 b - a book of Flames

   Spells                             Type                      Level
   a - Flame Tongue                   Conjuration/Fire             1
   b - Throw Flame                    Conjuration/Fire             2
   c - Conjure Flame                  Conjuration/Fire             3
   d - Inner Flame                    Hexes/Fire                   3
   e - Sticky Flame                   Conjuration/Fire             4
   f - Fireball                       Conjuration/Fire             5
Comestibles
 c - a bread ration
 f - a slice of pizza


   Skills:
 + Level 1.1 Fighting
 + Level 2.0 Dodging
 - Level 1.7 Stealth
 + Level 2.1 Spellcasting
 * Level 1.8 Conjurations
 * Level 3.0 Fire Magic


You couldn't memorise any spells.
You knew the following spells:

 Your Spells              Type           Power        Failure   Level  Hunger
a - Flame Tongue          Conj/Fire      ##...        10%         1    #......
b - Throw Flame           Conj/Fire      ##....       14%         2    ###....
c - Inner Flame           Hex/Fire       #.......     30%         3    ###....


Dungeon Overview and Level Annotations

Branches:
Dungeon (2/15)

Altars:
Kikubaaqudgha

Annotations:
D:2 Natasha


Innate Abilities, Weirdness & Mutations

You have large cloven feet.


Message History

Aim: a hobgoblin, wielding a club (chance to defeat MR: 83%)
The hobgoblin is filled with an inner flame.
The goblin shouts!
You see here a scroll labeled ASAITE HOITT.
i - 2 scrolls labeled ASAITE HOITT (gained 1)
There is an ancient bone altar of Kikubaaqudgha here.
The hobgoblin closely misses you. The goblin misses you.
Casting: Inner Flame
Confirm with . or Enter, or press ? or * to list all spells.
Aiming: Flame Tongue
Press: ? - help, Shift-Dir - straight line, f/p - hobgoblin
Aim: a hobgoblin, wielding a club (inner flame)
The flame tongue hits the hobgoblin.
The hobgoblin explodes!
The fiery explosion engulfs the goblin.
You kill the goblin!
The fiery explosion engulfs you!
Ouch! That really hurt!
You die...

#....####.###
#....##.....## ##
...#.......#...
#.#.......#...
#....._..[....
#.#.......#...
#.#..§§...#
#.##.§§§.##
#g####@####..
##.............
#######......##.##...
..................
#####.#......##.##.
## #.#.#######.# #
.#######.#.#.......#
...................#
..........##.#####.#


There were no monsters in sight!

Vanquished Creatures
  An ooze (D:2)
  2 bats (D:1)
  2 giant cockroaches
  3 goblins
  4 hobgoblins
  6 jackals (D:1)
  A ball python (D:1)
  A giant newt (D:1)
  A kobold (D:1)
  A rat (D:1)
22 creatures vanquished.

Notes
Turn   | Place    | Note
--------------------------------------------------------------
     0 | D:1      | epen the Demonspawn Fire Elementalist began the quest for the Orb.
     0 | D:1      | Reached XP level 1. HP: 13/13 MP: 3/3
   348 | D:1      | Gained mutation: You have large cloven feet. [demonic ancestry]
   348 | D:1      | Reached XP level 2. HP: 18/20 MP: 1/5
   627 | D:1      | Learned a level 2 spell: Throw Flame
   672 | D:1      | Reached skill level 1 in Fighting
  1061 | D:2      | Noticed Natasha
  1479 | D:2      | Reached skill level 3 in Fire Magic
  1479 | D:2      | Reached XP level 3. HP: 20/26 MP: 2/6
  1484 | D:2      | Learned a level 3 spell: Inner Flame
  1485 | D:2      | Found an ancient bone altar of Kikubaaqudgha.
  1552 | D:2      | Killed from afar by a hobgoblin

Vault maps used:
D:1:      erik_arrival_triangle_small, nrook_mini_vaults,
          hangedman_decor_riveting
D:2:      old_standard_altar, ecumenical_altar_2, uniq_sigmund, uniq_natasha

Skill      XL: |  1  2 |
---------------+-------+-----
Fighting       | 1 |  1.1
Dodging        | 2 |  2.0
Fire Magic     | 3 |  3.0
Stealth        | |  1.7
Spellcasting   | |  2.1
Conjurations   | |  1.8

Action                   || total
-------------------------++-------
Melee: Unarmed           ||    56
       Kick              ||     5
 Cast: Flame Tongue      ||    29
       Throw Flame       ||     1
       Inner Flame       ||     1
  Eat: Chunk             ||     2
Armor: Robe              ||    15
Dodge: Dodged            ||    78
